 Dungeon Crawl Stone Soup version 0.31.0-32-g396128a36d (webtiles) character file.

Game seed: 6117328842064706375

93 firemarshallily the Vexing (level 4, -3/33 HPs)
             Began as a Demonspawn Hexslinger on Apr 11, 2024.
             Slain by a gnoll bouda
             ... wielding a +0 club
              (10 damage)
             ... on level 1 of the Dungeon.
             The game lasted 00:04:26 (1482 turns).

firemarshallily the Vexing (Demonspawn Hexslinger)  Turns: 1482, Time: 00:04:26

Health: -3/33      AC:  5    Str: 10    XL:     4   Next: 36%
Magic:  6/6        EV: 12    Int: 13    God:
Gold:   60         SH:  0    Dex: 16    Spells: 4/6 levels left

rFire   . . .        a - +1 sling
rCold   . . .        (no shield)
rNeg    . . .        c - +0 robe
rPois   .            (no helmet)
rElec   .            (no cloak)
rCorr   .            (no gloves)
SInv    .            (no boots)
Will    .....        (no amulet)
Stlth   +            (no ring)
HPRegen 0.25/turn    (no ring)
MPRegen 0.10/turn

%: no passive effects
@: weakened
A: yellow scales 2
a: no special abilities


You were on level 1 of the Dungeon.
You visited 1 branch of the dungeon, and saw 2 of its levels.

You collected 60 gold pieces.

Inventory:

Hand Weapons
 a - a +1 sling (weapon)
Armour
 c - a +0 robe (worn)
Scrolls
 b - a scroll of poison
 g - a scroll of teleportation {unknown}
 h - 3 scrolls of vulnerability {unknown}
 j - a scroll of immolation {unknown}
Potions
 d - a potion of lignification {unknown}
 i - a potion of cancellation {unknown}


   Skills:
 * Level 2.1 Fighting
 * Level 2.5 Ranged Weapons
 + Level 2.2 Dodging
 * Level 1.9 Spellcasting
 + Level 3.4 Hexes
 - Level 0.8 Fire Magic


You had 4 spell levels left.
You knew the following spells:

 Your Spells              Type           Power      Damage    Failure   Level
a - Jinxbite              Hex            20%        N/A       10%         2

Your spell library contained the following spells:

 Spells                   Type           Power      Damage    Failure   Level
 Sigil of Binding         Hex            10%        N/A       19%         3
 Magic Dart               Conj           4%         1d3       26%         1
 Inner Flame              Hex/Fire       6%         N/A       32%         3
 Blink                    Tloc           2%         N/A       36%         2
 Call Imp                 Summ           2%         N/A       36%         2
 Cause Fear               Hex            5%         N/A       52%         4
 Fugue of the Fallen      Necr           1%         N/A       61%         3
 Ozocubu's Armour         Ice            1%         N/A       61%         3
 Dimensional Bullseye     Hex/Tloc       2%         N/A       77%         4
 Manifold Assault         Tloc           1%         N/A       95%         4


Dungeon Overview and Level Annotations

Branches:
Dungeon (2/15)

Altars:

Annotations:
D:2 Robin


Innate Abilities, Weirdness & Mutations

You are mostly covered in yellow scales. (AC +3)


Message History

The gnoll bouda is moderately wounded.
The gnoll bouda gazes fiercely through you!
You feel your attacks grow feeble.
The gnoll bouda hits you with a +0 club. x2
You shoot a sling bullet. The sling bullet hits the gnoll bouda.
The gnoll bouda is heavily wounded.
The gnoll bouda hits you with a +0 club.
The gnoll bouda hits you with a +0 club.
You climb upwards.
Your attacks no longer feel as feeble.
There is a stone staircase leading down here.
You shoot a sling bullet.
The sling bullet hits the gnoll bouda but does no damage.
The gnoll bouda is heavily wounded.
The gnoll bouda gazes fiercely through you!
You feel your attacks grow feeble.
The gnoll bouda hits you with a +0 club.
You shoot a sling bullet.
The sling bullet barely misses the gnoll bouda.
The gnoll bouda misses you. The gnoll bouda closely misses you.
You shoot a sling bullet.
The sling bullet barely misses the gnoll bouda.
The gnoll bouda closely misses you.
You shoot a sling bullet. The sling bullet hits the gnoll bouda.
The gnoll bouda is severely wounded.
The gnoll bouda gazes fiercely through you!
You feel as though you will be weak longer.
The gnoll bouda completely misses you.
You shoot a sling bullet.
The sling bullet hits the gnoll bouda but does no damage.
The gnoll bouda is heavily wounded.
The gnoll bouda barely misses you.
You shoot a sling bullet.
The sling bullet barely misses the gnoll bouda.
The gnoll bouda hits you with a +0 club. x2
* * * LOW HITPOINT WARNING * * *
You shoot a sling bullet. The sling bullet hits the gnoll bouda.
The gnoll bouda is almost dead.
The gnoll bouda hits you with a +0 club!
You die...

........#...#.#............PP♣P.P
...###.##..#.#.#.##.#....#.#.....
............#_#..##.#..#.#.#.##..
...###.##..#.#.#.................
............#.#..........#.#.#...
.........................#.#.#...
.....#.##...##.#.#...........#...
.....#.##........g.....#.###.##..
.....####...##.#@....♣♣♣♣♣♣♣♣♣...
.....# #...##.#.................
#....####......#....#♣♣♣♣♣♣♣♣♣#.#
#....##.....................)....
#....##.#.#.##.#...###...........
#...........##.#...# #...##..##..
#####.#.#.#.##.#...###...##..##.#
#.#.#.#......#.................
###.#.#.#..........###..###..####


You could see a gnoll bouda.

Vanquished Creatures
  4 adders
  A dart slug (D:1)
  2 ribbon worms (D:2)
  5 ball pythons
  2 bats
  7 endoplasms
  2 giant cockroaches
  2 goblins
  A hobgoblin (D:1)
  6 jackals (D:1)
  4 quokkas (D:1)
  A frilled lizard (D:1)
  4 kobolds
  5 rats (D:1)
46 creatures vanquished.

Notes
Turn   | Place    | Note
-------+----------+-------------------------------------------
     0 | D:1      | firemarshallily the Demonspawn Hexslinger began the quest
                  | for the Orb.
     0 | D:1      | Reached XP level 1. HP: 15/15 MP: 2/2
    70 | D:1      | Gained mutation: You are partially covered in yellow
                  | scales. (AC +2) [demonic ancestry]
    70 | D:1      | Reached XP level 2. HP: 21/21 MP: 3/3
   289 | D:1      | Found a faded altar of an unknown god.
   302 | D:1      | Learned a level 2 spell: Jinxbite
   392 | D:1      | Gained mutation: You are mostly covered in yellow scales.
                  | (AC +3) [demonic ancestry]
   392 | D:1      | Reached XP level 3. HP: 26/26 MP: 5/5
  1273 | D:2      | Reached XP level 4. HP: 32/33 MP: 6/6
  1353 | D:2      | Noticed Robin
  1482 | D:1      | Slain by a gnoll bouda

Illustrated notes

Levels and vault maps discovered:
D:1:      amcnicky_arrival_wind_blow, layout_basic, serial_forest,
          infiniplex_forest_straight_3, infiniplex_forest_lined_corner,
          infiniplex_forest_straight_3, infiniplex_forest_clump_curved,
          infiniplex_forest_lined_3, chequers_ecumenical_altar_simple_redux
D:2:      layout_basic, minmay_circle_x, uniq_robin

Skill      XL: |  1  2  3 |
---------------+----------+-----
Ranged Weapons | 2 |  2.5
Dodging        | 2 |  2.2
Fighting       | 2 |  2.1
Spellcasting   | |  1.9
Hexes          | |  3.4
Fire Magic     | |  0.8

Action                     |  1- 3 |  4- 6 || total
---------------------------+-------+-------++-------
   Fire: Sling             |   125 |    45 ||   170
    Use: Scroll            |       |     2 ||     2
 Armour: Robe              |    34 |    29 ||    63
  Dodge: Dodged            |    39 |    36 ||    75
